Penguins vs Canucks
Created - April 22, 2022 at 19:59
Goals
|
| Penguins |
2 |
0 |
0 |
0 |
2 |
2 |
| Canucks |
0 |
0 |
2 |
0 |
3 |
3 |
|
Shots
|
| Penguins |
12 |
9 |
15 |
1 |
7 |
37 |
| Canucks |
9 |
2 |
11 |
1 |
7 |
23 |
|
1st period
1. Penguins , Steven Stamkos 36 (Nikita Kucherov 34, Derek Boogaard 7) at 14:13 (PP)
2. Penguins , Steven Stamkos 37 (Nikita Kucherov 35) at 19:25 (PP)
Penalties :
Jeff Skinner (Pit) for Holding (Minor) at 2:27, Sam Gagner (Van) for Slashing (Double Minor) at 12:54, Tyler Myers (Van) for Interference (Minor) at 14:37, Tyler Myers (Van) for Hooking (Minor) at 18:43, Derick Brassard (Van) for Diving (Minor) at 0:00
2nd period
No Goal
Penalties :
No Penalty
3rd period
3. Canucks , Derick Brassard 29 (Sam Gagner 43, Drew Doughty 49) at 7:52 (PP)
4. Canucks , Sam Gagner 25 (Jamie Benn 20, Derick Brassard 42) at 14:20
Penalties :
Clarke MacArthur (Pit) for Interference (Minor) at 1:50, Keith Aulie (Pit) for Hooking (Minor) at 7:12, Derick Brassard (Van) for Tripping (Minor) at 10:55
Overtime #1
No Goal
Penalties :
No Penalty
Shootout
Penguins, Steven Stamkos - Goal!
Canucks, Robert Nilsson - Stopped by Jacob Markstrom
Penguins, Nikita Kucherov - Shot Misses the Net
Canucks, Derick Brassard - Goal!
Penguins, Derek Stepan - Shot Misses the Net
Canucks, Sam Gagner - Stopped by Jacob Markstrom
Penguins, Derek Boogaard - Shot Misses the Net
Canucks, Marcus Johansson - Shot Misses the Net
Penguins, Joe Pavelski - Stopped by Jonathan Quick
Canucks, Maxim Talbot - Stopped by Jacob Markstrom
Penguins, Jeff Skinner - Goal!
Canucks, Jamie Benn - Goal!
Penguins, Clarke MacArthur - Stopped by Jonathan Quick
Canucks, Fabian Brunnstrom - Goal!
Penalties :
No Penalty
Goalie Stats
Jacob Markstrom (Pit), 21 saves from 23 shots - (0.913), OTL, 29-16-3, 65:00 minutes
Jonathan Quick (Van), 35 saves from 37 shots - (0.946), W, 22-22-4, 65:00 minutes
Players Stats for Penguins
Player Name G A P +/- PIM S H SB GA TA FO MP PP MP PK MP
------------------------------------------------------------------------------------
Brandon Tanev 0 0 0 -1 0 0 3 0 0 0 1/1 7:44 0:00 0:00
Cal Clutterbuck 0 0 0 0 0 2 0 0 0 1 0/0 12:40 0:00 0:00
Clarke MacArthur 0 0 0 0 2 2 0 0 1 0 0/0 12:23 0:00 0:31
Damon Severson 0 0 0 -1 0 0 0 0 0 0 0/0 10:40 0:00 0:10
Derek Boogaard 0 1 1 0 0 1 2 1 0 0 1/1 25:24 5:15 2:22
Derek Stepan 0 0 0 0 0 3 1 0 1 1 10/18 17:27 3:08 1:27
Jeff Skinner 0 0 0 0 2 2 1 1 0 0 0/0 17:29 3:08 1:01
Joe Colborne 0 0 0 0 0 5 2 0 0 0 3/8 11:13 0:00 0:00
Joe Pavelski 0 0 0 0 0 2 5 0 0 0 0/2 18:04 3:08 1:18
Keith Aulie 0 0 0 0 2 7 3 3 2 2 0/0 30:38 5:43 2:07
Lars Eller 0 0 0 -1 0 2 0 0 1 0 1/2 7:44 0:00 0:00
Marcus Foligno 0 0 0 -1 0 1 1 0 0 0 0/0 8:04 0:00 0:00
Nick Leddy 0 0 0 0 0 2 2 2 1 1 0/0 23:44 2:40 2:21
Nikita Kucherov 0 2 2 0 0 1 3 0 2 0 0/0 20:52 5:15 0:00
Oliver Ekman-Larsson 0 0 0 0 0 1 2 1 1 1 0/0 31:21 5:43 2:47
Robert Hagg 0 0 0 -1 0 0 1 4 0 1 0/0 10:25 0:00 0:00
Sean Zimmerman 0 0 0 0 0 1 0 1 1 1 0/0 23:11 2:40 1:51
Steven Stamkos 2 0 2 0 0 5 3 0 2 0 14/32 26:16 5:15 2:37
Players Stats for Canucks
Player Name G A P +/- PIM S H SB GA TA FO MP PP MP PK MP
------------------------------------------------------------------------------------
Alex Goligoski 0 0 0 0 0 3 1 2 0 1 0/0 22:51 1:40 2:21
Cody Eakin 0 0 0 0 0 1 0 0 0 0 0/2 7:19 0:00 1:29
Derick Brassard 1 1 2 1 4 2 1 1 0 1 5/7 22:09 1:53 2:55
Drew Doughty 0 1 1 1 0 2 1 1 2 4 0/0 32:18 2:58 6:02
Fabian Brunnstrom 0 0 0 0 0 0 0 1 1 0 0/0 11:51 0:00 1:58
Garnet Hathaway 0 0 0 0 0 1 1 0 0 0 0/0 6:15 0:06 0:00
Jamie Benn 0 1 1 1 0 1 2 0 0 0 1/1 16:57 1:53 0:06
Jason Akeson 0 0 0 0 0 1 1 1 0 0 1/1 14:04 0:00 2:15
Marcus Johansson 0 0 0 0 0 1 2 0 1 0 0/0 19:34 2:39 0:00
Maxim Talbot 0 0 0 0 0 0 1 0 0 0 3/3 12:35 0:38 0:00
Michael Kostka 0 0 0 0 0 0 0 0 0 0 0/0 9:51 0:00 0:00
Mike Lundin 0 0 0 0 0 1 0 0 2 1 0/0 22:51 1:40 2:21
Nick Palmieri 0 0 0 0 0 3 1 0 0 0 1/1 5:27 1:00 0:29
Oscar Sundqvist 0 0 0 0 0 0 4 0 0 0 2/3 17:12 1:20 0:00
Robert Nilsson 0 0 0 0 0 1 3 2 0 0 21/46 28:07 2:32 5:12
Sam Gagner 1 1 2 1 4 4 0 1 1 2 0/0 18:29 1:53 0:47
Tomas Kundratek 0 0 0 0 0 1 1 0 1 0 0/0 11:43 0:00 1:51
Tyler Myers 0 0 0 1 4 1 0 3 0 3 0/0 30:25 2:58 4:10
3 Stars
1 - Steven Stamkos (Pit)
2 - Jonathan Quick (Van)
3 - Nikita Kucherov (Pit)
Power Play
Penguins - 2 on 6 Attempt(s) - 33.33%
Canucks - 1 on 3 Attempt(s) - 33.33%
Penalty Kill
Penguins - 2 on 3 Attempt(s) - 66.67%
- Score 0 goal in Penalty Kill
Canucks - 4 on 6 Attempt(s) - 66.67%
- Score 0 goal in Penalty Kill
Team Stat
Penguins - Hits : 29 - Faceoff Wins : 30 - Blocked Shots : 13 - Penalty Minutes : 6
Canucks - Hits : 19 - Faceoff Wins : 34 - Blocked Shots : 12 - Penalty Minutes : 12
Official
Referees : Beaudry Halkidis and Garrett Rank
Linesman : Mark Shewchyk and Kyle Flemington
Game Notes
Nick Palmieri is injured at 19:15 of 1st period (Bruised Right Foot)
Finance
Level 1 -- Attendance: 5833 (97.22%) -- Ticket Income $583,300
Level 2 -- Attendance: 5000 (100.00%) -- Ticket Income $300,000
Level 3 -- Attendance: 1781 (89.05%) -- Ticket Income $62,335
Level 4 -- Attendance: 4000 (100.00%) -- Ticket Income $100,000
Luxury Box -- Attendance: 965 (96.50%) -- Ticket Income $193,000
Game was played at the Rodgers Arena.
Total Attendance: 17579 (97.66%)
Total Ticket Income: $1,238,635
Other Income: $185,795
Total Income: $1,424,430
Penguins
5 vs 5 Forward
Center Left Wing Right Wing Time % Phy DF OF
1 Steven Stamkos Derek Boogaard Nikita Kucherov 40 1 2 2
2 Derek Stepan Jeff Skinner Joe Pavelski 30 1 2 2
3 Joe Colborne Clarke MacArthur Cal Clutterbuck 20 1 2 2
4 Lars Eller Brandon Tanev Marcus Foligno 10 1 2 2
5 vs 5 Defense
Defense Defense Time % Phy DF OF
1 Oliver Ekman-Larsson Keith Aulie 40 1 2 2
2 Sean Zimmerman Nick Leddy 30 1 2 2
3 Damon Severson Robert Hagg 20 1 2 2
4 Oliver Ekman-Larsson Keith Aulie 10 1 2 2
PowerPlay Forward
Center Left Wing Right Wing Time % Phy DF OF
1 Steven Stamkos Derek Boogaard Nikita Kucherov 60 1 2 2
2 Derek Stepan Jeff Skinner Joe Pavelski 40 1 2 2
PowerPlay Defense
Defense Defense Time % Phy DF OF
1 Oliver Ekman-Larsson Keith Aulie 60 1 2 2
2 Sean Zimmerman Nick Leddy 40 1 2 2
Penalty Kill 4 Players Forward
Center Wing Time % Phy DF OF
1 Steven Stamkos Derek Boogaard 60 1 2 2
2 Derek Stepan Jeff Skinner 40 1 2 2
Penalty Kill 4 Players Defense
Defense Defense Time % Phy DF OF
1 Oliver Ekman-Larsson Keith Aulie 60 1 2 2
2 Sean Zimmerman Nick Leddy 40 1 2 2
Penalty Kill - 3 Players Forward
Forward Time % Phy DF OF
1 Steven Stamkos 60 1 2 2
2 Derek Stepan 40 1 2 2
Penalty Kill - 3 Players Defense
Defense Defense Time % Phy DF OF
1 Oliver Ekman-Larsson Keith Aulie 60 1 2 2
2 Sean Zimmerman Nick Leddy 40 1 2 2
4 vs 4 Forward
Center Wing Time % Phy DF OF
1 Steven Stamkos Derek Boogaard 60 1 2 2
2 Derek Stepan Jeff Skinner 40 1 2 2
4 vs 4 Defense
Defense Defense Time % Phy DF OF
1 Oliver Ekman-Larsson Keith Aulie 60 1 2 2
2 Sean Zimmerman Nick Leddy 40 1 2 2
Last Minutes Offensive
Center Left Wing Right Wing Defense Defense
Steven Stamkos Derek Boogaard Nikita Kucherov Oliver Ekman-Larsson Keith Aulie
Last Minutes Defensive
Center Left Wing Right Wing Defense Defense
Steven Stamkos Derek Boogaard Nikita Kucherov Oliver Ekman-Larsson Keith Aulie
Goaltenders
Starting : Jacob Markstrom
Backup : Viktor Fasth
Extra Forwards
Normal : Joe Pavelski, Cal Clutterbuck, Marcus Foligno - PP : Joe Pavelski, Cal Clutterbuck - PK : Joe Pavelski
Extra Defensemen
Normal : Nick Leddy, Damon Severson, Robert Hagg - PP : Nick Leddy - PK : Nick Leddy, Damon Severson
Penalty Shots
Steven Stamkos, Nikita Kucherov, Derek Stepan, Derek Boogaard, Joe Pavelski
Scratches
None
Canucks
5 vs 5 Forward
Center Left Wing Right Wing Time % Phy DF OF
1 Robert Nilsson Marcus Johansson Nick Palmieri 55 1 2 2
2 Derick Brassard Jamie Benn Sam Gagner 30 1 2 2
3 Maxim Talbot Fabian Brunnstrom Jason Akeson 10 1 2 2
4 Cody Eakin Robert Nilsson Garnet Hathaway 5 1 2 2
5 vs 5 Defense
Defense Defense Time % Phy DF OF
1 Drew Doughty Tyler Myers 55 1 2 2
2 Alex Goligoski Mike Lundin 30 1 2 2
3 Michael Kostka Tomas Kundratek 10 1 2 2
4 Drew Doughty Tyler Myers 5 1 2 2
PowerPlay Forward
Center Left Wing Right Wing Time % Phy DF OF
1 Robert Nilsson Marcus Johansson Nick Palmieri 60 1 2 2
2 Derick Brassard Jamie Benn Sam Gagner 40 1 2 2
PowerPlay Defense
Defense Defense Time % Phy DF OF
1 Drew Doughty Tyler Myers 60 1 2 2
2 Alex Goligoski Mike Lundin 40 1 2 2
Penalty Kill 4 Players Forward
Center Wing Time % Phy DF OF
1 Robert Nilsson Derick Brassard 60 1 2 2
2 Nick Palmieri Sam Gagner 40 1 2 2
Penalty Kill 4 Players Defense
Defense Defense Time % Phy DF OF
1 Drew Doughty Tyler Myers 60 1 2 2
2 Alex Goligoski Mike Lundin 40 1 2 2
Penalty Kill - 3 Players Forward
Forward Time % Phy DF OF
1 Robert Nilsson 60 1 2 2
2 Derick Brassard 40 1 2 2
Penalty Kill - 3 Players Defense
Defense Defense Time % Phy DF OF
1 Drew Doughty Tyler Myers 60 1 2 2
2 Alex Goligoski Mike Lundin 40 1 2 2
4 vs 4 Forward
Center Wing Time % Phy DF OF
1 Robert Nilsson Derick Brassard 60 1 2 2
2 Nick Palmieri Sam Gagner 40 1 2 2
4 vs 4 Defense
Defense Defense Time % Phy DF OF
1 Drew Doughty Tyler Myers 60 1 2 2
2 Alex Goligoski Mike Lundin 40 1 2 2
Last Minutes Offensive
Center Left Wing Right Wing Defense Defense
Robert Nilsson Marcus Johansson Nick Palmieri Drew Doughty Tyler Myers
Last Minutes Defensive
Center Left Wing Right Wing Defense Defense
Robert Nilsson Marcus Johansson Nick Palmieri Drew Doughty Tyler Myers
Goaltenders
Starting : Jonathan Quick
Backup : Pekka Rinne
Extra Forwards
Normal : Oscar Sundqvist, Maxim Talbot, Jason Akeson - PP : Oscar Sundqvist, Maxim Talbot - PK : Jason Akeson
Extra Defensemen
Normal : Michael Kostka, Tomas Kundratek, Alex Goligoski - PP : Michael Kostka - PK : Tomas Kundratek, Alex Goligoski
Penalty Shots
Robert Nilsson, Derick Brassard, Nick Palmieri, Sam Gagner, Marcus Johansson
Scratches
Alexander Steen (Healthy)
% Time on Ice - Penguins
Lines # - Real PCT - Wanted PCT - Time Play
Normal Forward
1 - 35% - 40% - 16:26
2 - 25% - 30% - 11:36
3 - 24% - 20% - 11:13
4 - 16% - 10% - 7:44
Normal Defense
1 - 40% - 40% - 18:57
2 - 35% - 30% - 16:16
3 - 22% - 20% - 10:25
4 - 3% - 10% - 1:21
PP Forward
1 - 63% - 60% - 5:15
2 - 37% - 40% - 3:08
PP Defense
1 - 68% - 60% - 5:43
2 - 32% - 40% - 2:40
PK Forward
1 - 73% - 60% - 3:24
2 - 27% - 40% - 1:14
PK Defense
1 - 60% - 60% - 2:47
2 - 40% - 40% - 1:51
PK3 Forward
1 - 0% - 60%
2 - 0% - 40%
PK3 Defense
1 - 0% - 60%
2 - 0% - 40%
44 Forward
1 - 75% - 60% - 3:44
2 - 25% - 40% - 1:16
44 Defense
1 - 54% - 60% - 2:43
2 - 46% - 40% - 2:17
Last Minute Offensive - 0:00
Last Minute Defensive - 0:00
Total
Forward - 65:00
Defense - 65:00
|
% Time on Ice - Canucks
Lines # - Real PCT - Wanted PCT - Time Play
Normal Forward
1 - 39% - 55% - 18:31
2 - 31% - 30% - 14:45
3 - 19% - 10% - 9:01
4 - 10% - 5% - 4:42
Normal Defense
1 - 44% - 55% - 20:47
2 - 35% - 30% - 16:21
3 - 21% - 10% - 9:51
4 - 0% - 5% - 0:00
PP Forward
1 - 59% - 60% - 2:45
2 - 41% - 40% - 1:53
PP Defense
1 - 64% - 60% - 2:58
2 - 36% - 40% - 1:40
PK Forward
1 - 85% - 60% - 5:46
2 - 15% - 40% - 1:02
PK Defense
1 - 73% - 60% - 4:59
2 - 27% - 40% - 1:49
PK3 Forward
1 - 78% - 60% - 1:14
2 - 22% - 40% - 0:21
PK3 Defense
1 - 66% - 60% - 1:03
2 - 34% - 40% - 0:32
44 Forward
1 - 72% - 60% - 3:35
2 - 28% - 40% - 1:25
44 Defense
1 - 50% - 60% - 2:31
2 - 50% - 40% - 2:29
Last Minute Offensive - 0:00
Last Minute Defensive - 0:00
Total
Forward - 65:00
Defense - 65:00
|
Play-by-Play
1st period
0:01 of 1st period - Robert Nilsson wins face-off versus Steven Stamkos in neutral zone.
0:31 of 1st period - Snap shot by Robert Nilsson.
0:31 of 1st period - Shot Misses the Net.
0:33 of 1st period - Slapshot by Drew Doughty.
0:33 of 1st period - Deflect By Sam Gagner.
0:33 of 1st period - Stopped by Jacob Markstrom without a rebound.
0:34 of 1st period - Joe Colborne wins face-off versus Derick Brassard in Penguins zone.
0:43 of 1st period - Slapshot by Sean Zimmerman.
0:43 of 1st period - Stopped by Jonathan Quick with a rebound.
0:45 of 1st period - Slapshot by Nick Leddy.
0:45 of 1st period - Deflect By Clarke MacArthur.
0:45 of 1st period - Stopped by Jonathan Quick without a rebound.
0:46 of 1st period - Maxim Talbot wins face-off versus Lars Eller in Canucks zone.
0:53 of 1st period - Wrist shot by Jason Akeson.
0:53 of 1st period - Stopped by Jacob Markstrom with a rebound.
1:25 of 1st period - Slapshot by Jeff Skinner.
1:25 of 1st period - Stopped by Jonathan Quick without a rebound.
1:26 of 1st period - Derick Brassard wins face-off versus Steven Stamkos in Canucks zone.
2:05 of 1st period - Wrist shot by Joe Colborne.
2:05 of 1st period - Stopped by Jonathan Quick without a rebound.
2:06 of 1st period - Derek Stepan wins face-off versus Robert Nilsson in Canucks zone.
2:15 of 1st period - Wrist shot by Nick Palmieri.
2:15 of 1st period - Stopped by Jacob Markstrom with a rebound.
2:17 of 1st period - Slapshot by Robert Nilsson.
2:17 of 1st period - Deflect By Nick Palmieri.
2:17 of 1st period - Stopped by Jacob Markstrom with a rebound.
2:27 of 1st period - Minor Penalty to Jeff Skinner for Holding.
2:28 of 1st period - Steven Stamkos wins face-off versus Robert Nilsson in Penguins zone.
2:55 of 1st period - Derick Brassard is hit by Joe Pavelski and loses puck.
4:27 of 1st period - Penalty to Jeff Skinner is over, Jeff Skinner is back on ice.
4:40 of 1st period - Snap shot by Maxim Talbot.
4:40 of 1st period - Shot Misses the Net.
4:42 of 1st period - Slapshot by Michael Kostka.
4:42 of 1st period - Shot Misses the Net.
5:04 of 1st period - Mike Lundin is hit by Brandon Tanev and loses puck.
5:45 of 1st period - Snap shot by Joe Colborne.
5:45 of 1st period - Shot Misses the Net.
6:57 of 1st period - Wrist shot by Clarke MacArthur.
6:57 of 1st period - Shot Misses the Net.
7:23 of 1st period - Oscar Sundqvist is hit by Joe Pavelski and loses puck.
8:31 of 1st period - Sam Gagner is hit by Derek Stepan and loses puck.
8:57 of 1st period - Derick Brassard is hit by Marcus Foligno and loses puck.
10:24 of 1st period - Fabian Brunnstrom is hit by Joe Colborne and loses puck.
11:07 of 1st period - Wrist shot by Garnet Hathaway.
11:07 of 1st period - Stopped by Jacob Markstrom without a rebound.
11:08 of 1st period - Lars Eller wins face-off versus Cody Eakin in Penguins zone.
11:22 of 1st period - Robert Hagg is hit by Oscar Sundqvist and loses puck.
11:31 of 1st period - Wrist shot by Garnet Hathaway.
11:31 of 1st period - Shot Blocked by Robert Hagg.
11:33 of 1st period - Snap shot by Garnet Hathaway.
11:33 of 1st period - Shot Misses the Net.
11:35 of 1st period - Wrist shot by Cody Eakin.
11:35 of 1st period - Stopped by Jacob Markstrom without a rebound.
11:36 of 1st period - Steven Stamkos wins face-off versus Robert Nilsson in Penguins zone.
11:51 of 1st period - Wrist shot by Robert Nilsson.
11:51 of 1st period - Deflect By Nick Palmieri.
11:51 of 1st period - Deflect By Steven Stamkos.
11:51 of 1st period - Stopped by Jacob Markstrom with a rebound.
11:53 of 1st period - Snap shot by Marcus Johansson.
11:53 of 1st period - Shot Blocked by Oliver Ekman-Larsson.
12:51 of 1st period - Slapshot by Keith Aulie.
12:51 of 1st period - Stopped by Jonathan Quick without a rebound.
12:52 of 1st period - Derick Brassard wins face-off versus Steven Stamkos in Canucks zone.
12:54 of 1st period - Double Minor Penalty to Sam Gagner for Slashing.
12:55 of 1st period - Robert Nilsson wins face-off versus Steven Stamkos in Canucks zone.
12:59 of 1st period - Slapshot by Drew Doughty.
12:59 of 1st period - Stopped by Jacob Markstrom with a rebound.
13:07 of 1st period - Snap shot by Steven Stamkos.
13:07 of 1st period - Stopped by Jonathan Quick without a rebound.
13:08 of 1st period - Steven Stamkos wins face-off versus Robert Nilsson in Canucks zone.
13:39 of 1st period - Snap shot by Joe Pavelski.
13:39 of 1st period - Stopped by Jonathan Quick with a rebound.
13:41 of 1st period - Snap shot by Keith Aulie.
13:41 of 1st period - Shot Blocked by Robert Nilsson.
13:43 of 1st period - Snap shot by Derek Stepan.
13:43 of 1st period - Shot Blocked by Robert Nilsson.
13:45 of 1st period - Snap shot by Oliver Ekman-Larsson.
13:45 of 1st period - Shot Misses the Net.
13:47 of 1st period - Wrist shot by Joe Pavelski.
13:47 of 1st period - Deflect By Derick Brassard.
13:47 of 1st period - Stopped by Jonathan Quick without a rebound.
13:48 of 1st period - Derek Stepan wins face-off versus Robert Nilsson in Canucks zone.
14:13 of 1st period - Snap shot by Steven Stamkos.
14:13 of 1st period - Goal by Steven Stamkos - Penguins : 1 - Canucks : 0.
14:14 of 1st period - Steven Stamkos wins face-off versus Robert Nilsson in neutral zone.
14:37 of 1st period - Minor Penalty to Tyler Myers for Interference.
14:38 of 1st period - Robert Nilsson wins face-off versus Steven Stamkos in Canucks zone.
14:38 of 1st period - Robert Nilsson is hit by Oliver Ekman-Larsson.
14:44 of 1st period - Tomas Kundratek is hit by Nikita Kucherov and loses puck.
14:56 of 1st period - Off-side.
14:57 of 1st period - Derek Stepan wins face-off versus Robert Nilsson in neutral zone.
15:01 of 1st period - Slapshot by Keith Aulie.
15:01 of 1st period - Stopped by Jonathan Quick with a rebound.
15:03 of 1st period - Snap shot by Jeff Skinner.
15:03 of 1st period - Shot Misses the Net.
15:05 of 1st period - Slapshot by Keith Aulie.
15:05 of 1st period - Stopped by Jonathan Quick with a rebound.
16:13 of 1st period - Penalty to Sam Gagner is over, Sam Gagner is back on ice.
16:25 of 1st period - Slapshot by Alex Goligoski.
16:25 of 1st period - Stopped by Jacob Markstrom with a rebound.
16:37 of 1st period - Penalty to Tyler Myers is over, Tyler Myers is back on ice.
16:45 of 1st period - Slapshot by Drew Doughty.
16:45 of 1st period - Shot Misses the Net.
16:47 of 1st period - Slapshot by Drew Doughty.
16:47 of 1st period - Deflect By Maxim Talbot.
16:47 of 1st period - Shot Misses the Net.
16:47 of 1st period - Puck is out of play.
16:48 of 1st period - Maxim Talbot wins face-off versus Joe Colborne in Penguins zone.
17:09 of 1st period - Wrist shot by Jason Akeson.
17:09 of 1st period - Shot Blocked by Robert Hagg.
17:16 of 1st period - Off-side.
17:17 of 1st period - Nick Palmieri wins face-off versus Steven Stamkos in neutral zone.
18:27 of 1st period - Off-side.
18:28 of 1st period - Brandon Tanev wins face-off versus Robert Nilsson in neutral zone.
18:40 of 1st period - Brandon Tanev is hit by Nick Palmieri and loses puck.
18:43 of 1st period - Minor Penalty to Tyler Myers for Hooking.
18:44 of 1st period - Robert Nilsson wins face-off versus Steven Stamkos in Canucks zone.
18:57 of 1st period - Drew Doughty is hit by Steven Stamkos and loses puck.
19:14 of 1st period - Nick Palmieri is hit by Oliver Ekman-Larsson and loses puck.
19:15 of 1st period - Nick Palmieri from Canucks is injured at 19:15 of 1st period (Bruised Right Foot).
19:16 of 1st period - Steven Stamkos wins face-off versus Robert Nilsson in Canucks zone.
19:25 of 1st period - Snap shot by Steven Stamkos.
19:25 of 1st period - Goal by Steven Stamkos - Penguins : 2 - Canucks : 0.
19:26 of 1st period - Steven Stamkos wins face-off versus Robert Nilsson in neutral zone.
19:43 of 1st period - Slapshot by Tyler Myers.
19:43 of 1st period - Shot Blocked by Keith Aulie.
0:00 of 2nd period - Minor Penalty to Derick Brassard for Diving.
Goals for this period are 2 for Penguins vs 0 for Canucks.
Shots for this period are 12 for Penguins vs 9 for Canucks.
2nd period
0:01 of 2nd period - Robert Nilsson wins face-off versus Steven Stamkos in neutral zone.
0:36 of 2nd period - Wrist shot by Keith Aulie.
0:36 of 2nd period - Shot Blocked by Jason Akeson.
1:13 of 2nd period - Icing by Steven Stamkos.
1:14 of 2nd period - Robert Nilsson wins face-off versus Steven Stamkos in Penguins zone.
2:00 of 2nd period - Penalty to Derick Brassard is over, Derick Brassard is back on ice.
2:12 of 2nd period - Snap shot by Cal Clutterbuck.
2:12 of 2nd period - Shot Misses the Net.
2:14 of 2nd period - Wrist shot by Joe Colborne.
2:14 of 2nd period - Stopped by Jonathan Quick without a rebound.
2:15 of 2nd period - Robert Nilsson wins face-off versus Steven Stamkos in Canucks zone.
2:40 of 2nd period - Sean Zimmerman is hit by Alex Goligoski and loses puck.
3:05 of 2nd period - Wrist shot by Maxim Talbot.
3:05 of 2nd period - Shot Misses the Net.
4:12 of 2nd period - Snap shot by Derek Stepan.
4:12 of 2nd period - Shot Misses the Net.
4:42 of 2nd period - Robert Hagg is hit by Marcus Johansson and loses puck.
5:33 of 2nd period - Oliver Ekman-Larsson is hit by Garnet Hathaway and loses puck.
6:03 of 2nd period - Sam Gagner is hit by Nikita Kucherov and loses puck.
6:33 of 2nd period - Brandon Tanev is hit by Robert Nilsson and loses puck.
6:40 of 2nd period - Robert Nilsson is hit by Brandon Tanev and loses puck.
6:51 of 2nd period - Derick Brassard is hit by Joe Colborne and loses puck.
7:08 of 2nd period - Tomas Kundratek is hit by Derek Boogaard and loses puck.
7:28 of 2nd period - Cody Eakin is hit by Jeff Skinner and loses puck.
7:53 of 2nd period - Keith Aulie is hit by Marcus Johansson and loses puck.
8:53 of 2nd period - Garnet Hathaway is hit by Joe Pavelski and loses puck.
9:36 of 2nd period - Derek Boogaard is hit by Jamie Benn and loses puck.
9:51 of 2nd period - Drew Doughty is hit by Steven Stamkos and loses puck.
10:02 of 2nd period - Wrist shot by Derek Boogaard.
10:02 of 2nd period - Shot Blocked by Derick Brassard.
10:04 of 2nd period - Snap shot by Nikita Kucherov.
10:04 of 2nd period - Stopped by Jonathan Quick with a rebound.
10:34 of 2nd period - Wrist shot by Tomas Kundratek.
10:34 of 2nd period - Stopped by Jacob Markstrom without a rebound.
10:35 of 2nd period - Robert Nilsson wins face-off versus Derek Stepan in Penguins zone.
11:10 of 2nd period - Wrist shot by Joe Colborne.
11:10 of 2nd period - Stopped by Jonathan Quick with a rebound.
11:12 of 2nd period - Wrist shot by Clarke MacArthur.
11:12 of 2nd period - Stopped by Jonathan Quick with a rebound.
11:23 of 2nd period - Maxim Talbot is hit by Brandon Tanev and loses puck.
12:22 of 2nd period - Snap shot by Marcus Foligno.
12:22 of 2nd period - Shot Misses the Net.
12:50 of 2nd period - Snap shot by Steven Stamkos.
12:50 of 2nd period - Deflect By Nikita Kucherov.
12:50 of 2nd period - Shot Misses the Net.
12:50 of 2nd period - Puck is out of play.
12:51 of 2nd period - Steven Stamkos wins face-off versus Oscar Sundqvist in Canucks zone.
13:08 of 2nd period - Nikita Kucherov is hit by Jason Akeson and loses puck.
14:05 of 2nd period - Snap shot by Joe Colborne.
14:05 of 2nd period - Stopped by Jonathan Quick without a rebound.
14:06 of 2nd period - Joe Colborne wins face-off versus Robert Nilsson in Canucks zone.
14:47 of 2nd period - Derek Stepan is hit by Oscar Sundqvist and loses puck.
15:17 of 2nd period - Slapshot by Robert Nilsson.
15:17 of 2nd period - Shot Misses the Net.
15:35 of 2nd period - Tyler Myers is hit by Steven Stamkos and loses puck.
15:47 of 2nd period - Robert Hagg is hit by Jamie Benn and loses puck.
16:42 of 2nd period - Slapshot by Joe Colborne.
16:42 of 2nd period - Stopped by Jonathan Quick without a rebound.
16:43 of 2nd period - Derick Brassard wins face-off versus Joe Colborne in Canucks zone.
17:12 of 2nd period - Slapshot by Cal Clutterbuck.
17:12 of 2nd period - Stopped by Jonathan Quick with a rebound.
17:14 of 2nd period - Snap shot by Clarke MacArthur.
17:14 of 2nd period - Shot Misses the Net.
17:18 of 2nd period - Slapshot by Joe Colborne.
17:18 of 2nd period - Shot Blocked by Sam Gagner.
17:42 of 2nd period - Slapshot by Drew Doughty.
17:42 of 2nd period - Shot Misses the Net.
17:47 of 2nd period - Off-side.
17:48 of 2nd period - Robert Nilsson wins face-off versus Steven Stamkos in neutral zone.
17:51 of 2nd period - Snap shot by Robert Nilsson.
17:51 of 2nd period - Stopped by Jacob Markstrom with a rebound.
17:59 of 2nd period - Mike Lundin is hit by Keith Aulie.
18:36 of 2nd period - Icing by Keith Aulie.
18:37 of 2nd period - Derek Stepan wins face-off versus Robert Nilsson in Penguins zone.
18:37 of 2nd period - Derek Stepan is hit by Oscar Sundqvist.
19:08 of 2nd period - Keith Aulie is hit by Tomas Kundratek and loses puck.
19:11 of 2nd period - Slapshot by Keith Aulie.
19:11 of 2nd period - Deflect By Lars Eller.
19:11 of 2nd period - Stopped by Jonathan Quick without a rebound.
19:12 of 2nd period - Steven Stamkos wins face-off versus Robert Nilsson in Canucks zone.
19:19 of 2nd period - Wrist shot by Steven Stamkos.
19:19 of 2nd period - Shot Blocked by Tyler Myers.
19:37 of 2nd period - Joe Pavelski is hit by Derick Brassard and loses puck.
19:44 of 2nd period - Slapshot by Nick Leddy.
19:44 of 2nd period - Stopped by Jonathan Quick without a rebound.
19:45 of 2nd period - Derek Stepan wins face-off versus Robert Nilsson in Canucks zone.
19:54 of 2nd period - Slapshot by Mike Lundin.
19:54 of 2nd period - Shot Blocked by Jeff Skinner.
19:56 of 2nd period - Snap shot by Oscar Sundqvist.
19:56 of 2nd period - Shot Blocked by Robert Hagg.
19:58 of 2nd period - Wrist shot by Robert Nilsson.
19:58 of 2nd period - Shot Blocked by Robert Hagg.
Goals for this period are 0 for Penguins vs 0 for Canucks.
Shots for this period are 9 for Penguins vs 2 for Canucks.
3rd period
0:01 of 3rd period - Steven Stamkos wins face-off versus Robert Nilsson in neutral zone.
0:16 of 3rd period - Wrist shot by Steven Stamkos.
0:16 of 3rd period - Stopped by Jonathan Quick without a rebound.
0:17 of 3rd period - Robert Nilsson wins face-off versus Derek Stepan in Canucks zone.
0:39 of 3rd period - Off-side.
0:40 of 3rd period - Derick Brassard wins face-off versus Steven Stamkos in neutral zone.
0:43 of 3rd period - Snap shot by Derick Brassard.
0:43 of 3rd period - Shot Misses the Net.
0:45 of 3rd period - Slapshot by Sam Gagner.
0:45 of 3rd period - Shot Misses the Net.
0:47 of 3rd period - Wrist shot by Sam Gagner.
0:47 of 3rd period - Shot Blocked by Sean Zimmerman.
0:49 of 3rd period - Wrist shot by Derick Brassard.
0:49 of 3rd period - Shot Blocked by Nick Leddy.
0:51 of 3rd period - Slapshot by Drew Doughty.
0:51 of 3rd period - Stopped by Jacob Markstrom with a rebound.
0:53 of 3rd period - Snap shot by Derick Brassard.
0:53 of 3rd period - Shot Misses the Net.
0:55 of 3rd period - Slapshot by Tyler Myers.
0:55 of 3rd period - Stopped by Jacob Markstrom without a rebound.
0:56 of 3rd period - Derek Stepan wins face-off versus Robert Nilsson in Penguins zone.
1:00 of 3rd period - Off-side.
1:01 of 3rd period - Robert Nilsson wins face-off versus Derek Stepan in neutral zone.
1:16 of 3rd period - Joe Pavelski is hit by Robert Nilsson and loses puck.
1:35 of 3rd period - Backhand shot by Derick Brassard.
1:35 of 3rd period - Stopped by Jacob Markstrom with a rebound.
1:37 of 3rd period - Slapshot by Drew Doughty.
1:37 of 3rd period - Shot Blocked by Keith Aulie.
1:50 of 3rd period - Minor Penalty to Clarke MacArthur for Interference.
1:51 of 3rd period - Steven Stamkos wins face-off versus Robert Nilsson in Penguins zone.
3:11 of 3rd period - Sam Gagner is hit by Nick Leddy and loses puck.
3:50 of 3rd period - Penalty to Clarke MacArthur is over, Clarke MacArthur is back on ice.
3:54 of 3rd period - Snap shot by Steven Stamkos.
3:54 of 3rd period - Shot Blocked by Fabian Brunnstrom.
3:56 of 3rd period - Snap shot by Nick Leddy.
3:56 of 3rd period - Stopped by Jonathan Quick with a rebound.
3:58 of 3rd period - Snap shot by Clarke MacArthur.
3:58 of 3rd period - Shot Blocked by Tyler Myers.
4:50 of 3rd period - Jason Akeson is hit by Robert Hagg and loses puck.
5:15 of 3rd period - Icing by Alex Goligoski.
5:16 of 3rd period - Joe Colborne wins face-off versus Cody Eakin in Canucks zone.
5:25 of 3rd period - Wrist shot by Garnet Hathaway.
5:25 of 3rd period - Shot Misses the Net.
5:32 of 3rd period - Icing by Clarke MacArthur.
5:33 of 3rd period - Robert Nilsson wins face-off versus Joe Colborne in Penguins zone.
6:02 of 3rd period - Snap shot by Nikita Kucherov.
6:02 of 3rd period - Shot Misses the Net.
6:20 of 3rd period - Slapshot by Oliver Ekman-Larsson.
6:20 of 3rd period - Stopped by Jonathan Quick with a rebound.
6:22 of 3rd period - Slapshot by Keith Aulie.
6:22 of 3rd period - Stopped by Jonathan Quick without a rebound.
6:23 of 3rd period - Robert Nilsson wins face-off versus Derek Stepan in Canucks zone.
6:23 of 3rd period - Robert Nilsson is hit by Joe Pavelski.
6:26 of 3rd period - Icing by Mike Lundin.
6:27 of 3rd period - Derek Stepan wins face-off versus Robert Nilsson in Canucks zone.
6:40 of 3rd period - Snap shot by Jeff Skinner.
6:40 of 3rd period - Shot Misses the Net.
6:58 of 3rd period - Slapshot by Alex Goligoski.
6:58 of 3rd period - Stopped by Jacob Markstrom without a rebound.
6:59 of 3rd period - Derick Brassard wins face-off versus Steven Stamkos in Penguins zone.
7:00 of 3rd period - Wrist shot by Jamie Benn.
7:00 of 3rd period - Stopped by Jacob Markstrom without a rebound.
7:01 of 3rd period - Robert Nilsson wins face-off versus Steven Stamkos in Penguins zone.
7:10 of 3rd period - Slapshot by Drew Doughty.
7:10 of 3rd period - Shot Misses the Net.
7:12 of 3rd period - Minor Penalty to Keith Aulie for Hooking.
7:13 of 3rd period - Steven Stamkos wins face-off versus Robert Nilsson in Penguins zone.
7:50 of 3rd period - Wrist shot by Derick Brassard.
7:50 of 3rd period - Shot Misses the Net.
7:52 of 3rd period - Snap shot by Derick Brassard.
7:52 of 3rd period - Goal by Derick Brassard - Penguins : 2 - Canucks : 1.
7:53 of 3rd period - Robert Nilsson wins face-off versus Steven Stamkos in neutral zone.
8:10 of 3rd period - Snap shot by Marcus Johansson.
8:10 of 3rd period - Deflect By Robert Nilsson.
8:10 of 3rd period - Shot Blocked by Keith Aulie.
8:10 of 3rd period - Puck is out of play.
8:11 of 3rd period - Oscar Sundqvist wins face-off versus Derek Stepan in Penguins zone.
8:42 of 3rd period - Wrist shot by Sam Gagner.
8:42 of 3rd period - Stopped by Jacob Markstrom without a rebound.
8:43 of 3rd period - Steven Stamkos wins face-off versus Robert Nilsson in Penguins zone.
8:43 of 3rd period - Steven Stamkos is hit by Oscar Sundqvist.
9:02 of 3rd period - Oscar Sundqvist is hit by Derek Boogaard and loses puck.
9:21 of 3rd period - Snap shot by Robert Nilsson.
9:21 of 3rd period - Shot Misses the Net.
9:37 of 3rd period - Snap shot by Marcus Johansson.
9:37 of 3rd period - Shot Blocked by Nick Leddy.
9:39 of 3rd period - Snap shot by Alex Goligoski.
9:39 of 3rd period - Shot Misses the Net.
9:41 of 3rd period - Slapshot by Robert Nilsson.
9:41 of 3rd period - Shot Blocked by Derek Boogaard.
9:43 of 3rd period - Snap shot by Marcus Johansson.
9:43 of 3rd period - Stopped by Jacob Markstrom without a rebound.
9:44 of 3rd period - Derek Stepan wins face-off versus Derick Brassard in Penguins zone.
9:55 of 3rd period - Slapshot by Derek Stepan.
9:55 of 3rd period - Stopped by Jonathan Quick with a rebound.
9:57 of 3rd period - Snap shot by Joe Pavelski.
9:57 of 3rd period - Shot Misses the Net.
10:11 of 3rd period - Joe Colborne is hit by Drew Doughty.
10:21 of 3rd period - Joe Colborne is hit by Maxim Talbot and loses puck.
10:38 of 3rd period - Slapshot by Marcus Foligno.
10:38 of 3rd period - Stopped by Jonathan Quick with a rebound.
10:42 of 3rd period - Snap shot by Brandon Tanev.
10:42 of 3rd period - Deflect By Lars Eller.
10:42 of 3rd period - Stopped by Jonathan Quick with a rebound.
10:55 of 3rd period - Minor Penalty to Derick Brassard for Tripping.
10:56 of 3rd period - Derek Boogaard wins face-off versus Robert Nilsson in Canucks zone.
11:48 of 3rd period - Wrist shot by Derek Boogaard.
11:48 of 3rd period - Stopped by Jonathan Quick with a rebound.
11:50 of 3rd period - Slapshot by Keith Aulie.
11:50 of 3rd period - Deflect By Drew Doughty.
11:50 of 3rd period - Stopped by Jonathan Quick without a rebound.
11:51 of 3rd period - Derek Stepan wins face-off versus Robert Nilsson in Canucks zone.
12:55 of 3rd period - Penalty to Derick Brassard is over, Derick Brassard is back on ice.
13:01 of 3rd period - Snap shot by Derick Brassard.
13:01 of 3rd period - Shot Misses the Net.
13:18 of 3rd period - Snap shot by Jamie Benn.
13:18 of 3rd period - Shot Hit the Post.
13:28 of 3rd period - Snap shot by Alex Goligoski.
13:28 of 3rd period - Stopped by Jacob Markstrom without a rebound.
13:29 of 3rd period - Robert Nilsson wins face-off versus Derek Stepan in Penguins zone.
14:16 of 3rd period - Snap shot by Derick Brassard.
14:16 of 3rd period - Deflect By Sam Gagner.
14:16 of 3rd period - Stopped by Jacob Markstrom with a rebound.
14:18 of 3rd period - Slapshot by Jamie Benn.
14:18 of 3rd period - Shot Misses the Net.
14:20 of 3rd period - Snap shot by Sam Gagner.
14:20 of 3rd period - Goal by Sam Gagner - Penguins : 2 - Canucks : 2.
14:21 of 3rd period - Robert Nilsson wins face-off versus Derek Stepan in neutral zone.
14:30 of 3rd period - Slapshot by Keith Aulie.
14:30 of 3rd period - Deflect By Oscar Sundqvist.
14:30 of 3rd period - Stopped by Jonathan Quick without a rebound.
14:31 of 3rd period - Oscar Sundqvist wins face-off versus Derek Stepan in Canucks zone.
14:38 of 3rd period - Wrist shot by Jeff Skinner.
14:38 of 3rd period - Stopped by Jonathan Quick with a rebound.
14:40 of 3rd period - Slapshot by Keith Aulie.
14:40 of 3rd period - Stopped by Jonathan Quick with a rebound.
14:44 of 3rd period - Snap shot by Derek Stepan.
14:44 of 3rd period - Shot Blocked by Alex Goligoski.
14:46 of 3rd period - Slapshot by Derek Stepan.
14:46 of 3rd period - Stopped by Jonathan Quick with a rebound.
14:48 of 3rd period - Snap shot by Joe Pavelski.
14:48 of 3rd period - Shot Blocked by Alex Goligoski.
14:56 of 3rd period - Slapshot by Joe Pavelski.
14:56 of 3rd period - Shot Misses the Net.
14:58 of 3rd period - Snap shot by Joe Pavelski.
14:58 of 3rd period - Deflect By Marcus Johansson.
14:58 of 3rd period - Shot Misses the Net.
14:58 of 3rd period - Puck is out of play.
14:59 of 3rd period - Jamie Benn wins face-off versus Steven Stamkos in Canucks zone.
15:06 of 3rd period - Jamie Benn is hit by Nikita Kucherov and loses puck.
15:11 of 3rd period - Snap shot by Steven Stamkos.
15:11 of 3rd period - Stopped by Jonathan Quick without a rebound.
15:12 of 3rd period - Steven Stamkos wins face-off versus Robert Nilsson in Canucks zone.
15:23 of 3rd period - Snap shot by Robert Nilsson.
15:23 of 3rd period - Shot Misses the Net.
16:47 of 3rd period - Off-side.
16:48 of 3rd period - Robert Nilsson wins face-off versus Joe Colborne in neutral zone.
17:00 of 3rd period - Icing by Nick Leddy.
17:01 of 3rd period - Robert Nilsson wins face-off versus Joe Colborne in Penguins zone.
17:18 of 3rd period - Wrist shot by Cal Clutterbuck.
17:18 of 3rd period - Shot Misses the Net.
17:20 of 3rd period - Wrist shot by Clarke MacArthur.
17:20 of 3rd period - Shot Misses the Net.
17:22 of 3rd period - Slapshot by Sean Zimmerman.
17:22 of 3rd period - Shot Misses the Net.
17:24 of 3rd period - Wrist shot by Cal Clutterbuck.
17:24 of 3rd period - Stopped by Jonathan Quick without a rebound.
17:25 of 3rd period - Derek Stepan wins face-off versus Robert Nilsson in Canucks zone.
18:24 of 3rd period - Robert Nilsson is hit by Joe Pavelski and loses puck.
18:55 of 3rd period - Maxim Talbot is hit by Keith Aulie and loses puck.
19:52 of 3rd period - Fabian Brunnstrom is hit by Nick Leddy and loses puck.
Goals for this period are 0 for Penguins vs 2 for Canucks.
Shots for this period are 15 for Penguins vs 11 for Canucks.
Overtime #1
0:01 of 1st overtime period - Robert Nilsson wins face-off versus Steven Stamkos in neutral zone.
0:08 of 1st overtime period - Robert Nilsson is hit by Keith Aulie and loses puck.
0:33 of 1st overtime period - Keith Aulie is hit by Robert Nilsson and loses puck.
1:31 of 1st overtime period - Icing by Joe Pavelski.
1:32 of 1st overtime period - Robert Nilsson wins face-off versus Joe Pavelski in Penguins zone.
2:34 of 1st overtime period - Wrist shot by Derick Brassard.
2:34 of 1st overtime period - Shot Misses the Net.
2:36 of 1st overtime period - Slapshot by Mike Lundin.
2:36 of 1st overtime period - Stopped by Jacob Markstrom without a rebound.
2:37 of 1st overtime period - Maxim Talbot wins face-off versus Steven Stamkos in Penguins zone.
3:01 of 1st overtime period - Icing by Derick Brassard.
3:02 of 1st overtime period - Steven Stamkos wins face-off versus Robert Nilsson in Canucks zone.
3:29 of 1st overtime period - Slapshot by Derek Stepan.
3:29 of 1st overtime period - Stopped by Jonathan Quick with a rebound.
3:31 of 1st overtime period - Wrist shot by Derek Stepan.
3:31 of 1st overtime period - Shot Misses the Net.
3:33 of 1st overtime period - Backhand shot by Sean Zimmerman.
3:33 of 1st overtime period - Shot Blocked by Drew Doughty.
4:29 of 1st overtime period - Slapshot by Derek Stepan.
4:29 of 1st overtime period - Shot Misses the Net.
4:47 of 1st overtime period - Wrist shot by Cal Clutterbuck.
4:47 of 1st overtime period - Deflect By Joe Pavelski.
4:47 of 1st overtime period - Shot Blocked by Tyler Myers.
4:47 of 1st overtime period - Puck is out of play.
4:48 of 1st overtime period - Jason Akeson wins face-off versus Joe Pavelski in Canucks zone.
Goals for this period are 0 for Penguins vs 0 for Canucks.
Shots for this period are 1 for Penguins vs 1 for Canucks.
ShootOut
5:00 of 1st overtime period - Round #1.
5:00 of 1st overtime period - Penguins, Steven Stamkos.
5:00 of 1st overtime period - Snap shot by Steven Stamkos.
5:00 of 1st overtime period - Goal by Steven Stamkos.
5:00 of 1st overtime period - Canucks, Robert Nilsson.
5:00 of 1st overtime period - Snap shot by Robert Nilsson.
5:00 of 1st overtime period - Stopped by Jacob Markstrom.
5:00 of 1st overtime period - Round #2.
5:00 of 1st overtime period - Penguins, Nikita Kucherov.
5:00 of 1st overtime period - Snap shot by Nikita Kucherov.
5:00 of 1st overtime period - Shot Misses the Net.
5:00 of 1st overtime period - Canucks, Derick Brassard.
5:00 of 1st overtime period - Snap shot by Derick Brassard.
5:00 of 1st overtime period - Goal by Derick Brassard.
5:00 of 1st overtime period - Round #3.
5:00 of 1st overtime period - Penguins, Derek Stepan.
5:00 of 1st overtime period - Backhand shot by Derek Stepan.
5:00 of 1st overtime period - Shot Misses the Net.
5:00 of 1st overtime period - Canucks, Sam Gagner.
5:00 of 1st overtime period - Backhand shot by Sam Gagner.
5:00 of 1st overtime period - Stopped by Jacob Markstrom.
5:00 of 1st overtime period - Round #4.
5:00 of 1st overtime period - Penguins, Derek Boogaard.
5:00 of 1st overtime period - Snap shot by Derek Boogaard.
5:00 of 1st overtime period - Shot Misses the Net.
5:00 of 1st overtime period - Canucks, Marcus Johansson.
5:00 of 1st overtime period - Snap shot by Marcus Johansson.
5:00 of 1st overtime period - Shot Misses the Net.
5:00 of 1st overtime period - Round #5.
5:00 of 1st overtime period - Penguins, Joe Pavelski.
5:00 of 1st overtime period - Snap shot by Joe Pavelski.
5:00 of 1st overtime period - Stopped by Jonathan Quick.
5:00 of 1st overtime period - Canucks, Maxim Talbot.
5:00 of 1st overtime period - Snap shot by Maxim Talbot.
5:00 of 1st overtime period - Stopped by Jacob Markstrom.
5:00 of 1st overtime period - Round #6.
5:00 of 1st overtime period - Penguins, Jeff Skinner.
5:00 of 1st overtime period - Deke by Jeff Skinner.
5:00 of 1st overtime period - Goal by Jeff Skinner.
5:00 of 1st overtime period - Canucks, Jamie Benn.
5:00 of 1st overtime period - Backhand shot by Jamie Benn.
5:00 of 1st overtime period - Goal by Jamie Benn.
5:00 of 1st overtime period - Round #7.
5:00 of 1st overtime period - Penguins, Clarke MacArthur.
5:00 of 1st overtime period - Snap shot by Clarke MacArthur.
5:00 of 1st overtime period - Stopped by Jonathan Quick.
5:00 of 1st overtime period - Canucks, Fabian Brunnstrom.
5:00 of 1st overtime period - Wrist shot by Fabian Brunnstrom.
5:00 of 1st overtime period - Goal by Fabian Brunnstrom.